 Dungeon Crawl Stone Soup version 0.31.0-11-ge490571c62 (webtiles) character file.

Game seed: 6627044041837865893

973 CougarLife the Chopper (level 7, -2/62 HPs)
             Began as a Minotaur Berserker on Jan 29, 2024.
             Was a Priest of Trog.
             Slain by a vampire mosquito (5 damage)
             ... on level 6 of the Dungeon.
             The game lasted 00:05:05 (4741 turns).

CougarLife the Chopper (Minotaur Berserker)         Turns: 4741, Time: 00:05:06

Health: -2/62      AC:  7    Str: 23    XL:     7   Next: 94%
Magic:  6/6        EV: 12    Int:  4    God:    Trog [***...]
Gold:   353        SH:  0    Dex: 10    Spells: 6/6 levels left

rFire   . . .        a - +0 hand axe
rCold   . . .        (no shield)
rNeg    . . .        j - +0 scale mail
rPois   .            (helmet restricted)
rElec   .            (no cloak)
rCorr   .            i - +0 pair of gloves
SInv    .            (no boots)
Will    .....        (no amulet) Stlth
                     (no ring)
HPRegen 0.30/turn    (no ring)
MPRegen 0.10/turn

%: no passive effects
@: on berserk cooldown
A: horns 2, retaliatory headbutt
a: Renounce Religion, Berserk, Trog's Hand


You were on level 6 of the Dungeon.
You worshipped Trog.
Trog was most pleased with you.
You visited 1 branch of the dungeon, and saw 6 of its levels.

You collected 353 gold pieces.

Inventory:

Hand Weapons
 a - a +0 hand axe (weapon)
Missiles
 f - 3 javelins (quivered)
 x - 3 poisoned darts
 y - 2 boomerangs
Armour
 i - a +0 pair of gloves (worn)
 j - a +0 scale mail (worn)
Wands
 b - a wand of roots (11)
 o - a wand of digging (4)
 u - a wand of mindburst (9)
 D - a wand of polymorph (11)
Scrolls
 c - a scroll of teleportation {unknown}
 g - 2 scrolls of butterflies {unknown}
 h - 2 scrolls of amnesia {unknown}
 k - 2 scrolls of blinking {unknown}
 l - a scroll of fear {unknown}
 n - a scroll of revelation {unknown}
 p - a scroll of silence {unknown}
 q - 2 scrolls of identify {unknown}
 r - a scroll of brand weapon {unknown}
Potions
 d - a potion of haste {unknown}
 e - 2 potions of berserk rage
 m - 3 potions of curing {unknown}
 s - a potion of invisibility {unknown}
 t - a potion of brilliance {unknown}
 v - a potion of might {unknown}
 w - 2 potions of cancellation {unknown}
 z - a potion of lignification {unknown}
 A - 2 potions of magic {unknown}
 B - a potion of degeneration {unknown}
 C - a potion of heal wounds {unknown}


   Skills:
 + Level 5.9 Fighting
 * Level 7.5 Axes
 - Level 2.4 Armour
 - Level 7.0 Dodging


You had 6 spell levels left.
You didn't know any spells.
Your spell library was empty.

Dungeon Overview and Level Annotations

Branches:
Dungeon (6/15)             Temple (0/1) D:4

Altars:

Shops:
D:5 (

Annotations:
D:5 1 transporter, 440024613's ghost, novice MiBe


Innate Abilities, Weirdness & Mutations

You have a pair of horns on your head.
You reflexively headbutt those who attack you in melee.


Message History

* * * LOW HITPOINT WARNING * * *
The vampire mosquito draws strength from your injuries!
The vampire mosquito bites you but does no damage.
The vampire mosquito bites you!
* * * LOW HITPOINT WARNING * * *
The vampire mosquito draws strength from your injuries!
Okay, then.
You hit the vampire mosquito.
You punch the vampire mosquito, but do no damage.
The vampire mosquito is lightly damaged.
You feel the effects of Trog's Hand fading.
The vampire mosquito closely misses you.
The vampire mosquito bites you.
* * * LOW HITPOINT WARNING * * *
The vampire mosquito draws strength from your injuries!
You miss the vampire mosquito.
Your headbutt misses the vampire mosquito.
The vampire mosquito bites you.
* * * LOW HITPOINT WARNING * * *
The vampire mosquito draws strength from your injuries!
The vampire mosquito closely misses you. x2
You hit the vampire mosquito.
Your headbutt misses the vampire mosquito.
The vampire mosquito is lightly damaged.
The vampire mosquito bites you but does no damage.
The vampire mosquito misses you. You furiously retaliate!
You headbutt the vampire mosquito, but do no damage.
The vampire mosquito closely misses you.
You slash the vampire mosquito!
Your headbutt misses the vampire mosquito.
The vampire mosquito is moderately damaged.
You feel yourself speed up.
Your skin stops crawling.
You feel less strong-willed.
The vampire mosquito bites you but does no damage. x2
You hit the vampire mosquito.
Your headbutt misses the vampire mosquito.
The vampire mosquito is heavily damaged.
The vampire mosquito bites you but does no damage.
The vampire mosquito bites you.
You die...

#.# #. #.# #.. #.#
#.# #.# #.# #.# #.#
#.# #.# . .#....
######.###.##.#.##...
#...........#....###.
#.##@###.#..##.....##
#.#y## ##...##.......
# #.†## ##...........
#.###..# #..##....^..
#......# #...........
#######.#
#.####....... ..###.#
#....... .#..>#
#....... .##..#
#.######


You could see a vampire mosquito.

Vanquished Creatures
  Eustachio (D:5)
  A vampire mosquito (D:6)
  An ice beast (D:5)
  A centaur (D:5)
  A phantom (D:5)
  2 scorpions (D:5)
  A hound (D:6)
  A gnoll bouda (D:5)
  2 iguanas
  A sleepcap (D:4)
  4 gnolls (D:5)
  4 adders
  A white imp (D:5)
  2 ufetubi (D:6)
  3 ribbon worms
  A dart slug (D:2)
  3 orcs
  10 ball pythons
  6 endoplasms
  A giant cockroach (D:2)
  13 goblins
  15 hobgoblins
  3 jackals (D:1)
  14 kobolds
  6 quokkas
  8 bats
  6 frilled lizards
  8 rats
120 creatures vanquished.

Notes
Turn   | Place    | Note
-------+----------+-------------------------------------------
     0 | D:1      | CougarLife the Minotaur Berserker began the quest for the
                  | Orb.
     0 | D:1      | Reached XP level 1. HP: 19/19 MP: 0/0
   190 | D:1      | Reached XP level 2. HP: 24/27 MP: 1/1
   611 | D:1      | Reached ** piety under Trog
   789 | D:1      | Reached XP level 3. HP: 24/33 MP: 2/2
  1123 | D:1      | Reached skill level 5 in Axes
  1658 | D:2      | Reached XP level 4. HP: 40/41 MP: 3/3
  1947 | D:2      | Reached *** piety under Trog
  2589 | D:3      | Identified the +0 robe of the Great Game {Fly rPois Will+}
  2757 | D:3      | Found a faded altar of an unknown god.
  2924 | D:4      | Found a staircase to the Ecumenical Temple.
  3053 | D:4      | Reached skill level 5 in Fighting
  3153 | D:4      | Reached XP level 5. HP: 35/48 MP: 4/4
  3568 | D:5      | Entered Level 5 of the Dungeon
  3586 | D:5      | Noticed Eustachio
  3600 | D:5      | Reached XP level 6. HP: 56/56 MP: 5/5
  3627 | D:5      | Killed Eustachio
  3770 | D:5      | Noticed 440024613's ghost (novice MiBe)
  3771 | D:5      | Found a transporter.
  3871 | D:5      | Reached XP level 7. HP: 61/61 MP: 6/6
  4007 | D:5      | Found Nezaun's Antique Weapon Boutique.
  4704 | D:6      | Noticed a vampire mosquito
  4711 | D:6      | Killed a vampire mosquito
  4720 | D:6      | Noticed a vampire mosquito
  4737 | D:6      | HP: 2/62 [vampire mosquito (4)]
  4741 | D:6      | Slain by a vampire mosquito

Illustrated notes

Levels and vault maps discovered:
D:1:      saegor_arrival_simple_a, layout_loops_corners,
          minmay_stone_trees_small, lexackson_kobold_supper
D:2:      layout_loops_ring, minmay_misc_feat_roman, grunt_ministairs_1,
          minmay_octomino_e4
D:3:      layout_loops_ring, shapermc_ecumenical_altar_mp_highgroup
D:4:      layout_rooms, minmay_temple_entry_antechambers, kennysheep_dice
D:5:      layout_rooms, serial_shops, shop, gammafunk_ghost_smash,
          corexii_shack, kennysheep_cluttered_room, uniq_eustachio
D:6:      layout_loops_ring, nicolae_ashenzari_skybound

Skill      XL: |  1  2  3  4  5  6  7 |
---------------+----------------------+-----
Axes           | 4 5 6 7 |  7.5
Fighting       | 4 5 |  5.9
Dodging        | 4 6 7 |  7.0
Armour         | |  2.4

Action                     |  1- 3 |  4- 6 |  7- 9 || total
---------------------------+-------+-------+-------++-------
  Melee: Hand axe          |   111 |   132 |    58 ||   301
         Headbutt          |    15 |    33 |    10 ||    58
         Punch             |     1 |       |     2 ||     3
 Invoke: Berserk           |       |     1 |     1 ||     2
         Trog's Hand       |       |     1 |     1 ||     2
    Use: Potion            |       |       |     1 ||     1
 Armour: Animal skin       |    41 |       |       ||    41
         Scale mail        |    21 |    88 |    76 ||   185
  Dodge: Dodged            |    63 |    78 |    53 ||   194
